 Dungeon Crawl Stone Soup version 0.29-a0-477-g62b78b4225 (webtiles) character file.

Game seed: 17127380163411187517

3530 Infinimo the Basher (level 10, -3/95 (111) HPs)
             Began as an Ogre Gladiator on May 25, 2022.
             Was an Initiate of Okawaru.
             Slain by a wight
             ... wielding a +3 dire flail of freezing
              (4 damage)
             ... on level 7 of the Dungeon.
             The game lasted 00:08:47 (10053 turns).

Infinimo the Basher (Ogre Gladiator)               Turns: 10053, Time: 00:08:47

HP:   -3/95 (111)   AC:  7    Str: 20    XL:     10   Next: 8%
MP:   10/10         EV: 10    Int: 13    God:    Okawaru [......]
Gold: 355           SH:  0    Dex: 10    Spells: 9/9 levels left

rFire   . . .      SeeInvis .   a - +0 flail (venom)
rCold   . . .      Faith    .   (no shield)
rNeg    . . .      Spirit   .   b - +0 robe
rPois   .          Reflect  .   c - +1 hat
rElec   .          Harm     .   o - +2 cloak
rCorr   .          Rampage  .   (gloves unavailable)
Will    +....                   (boots unavailable)
Stlth   +.........              (no amulet)
HPRegen 0.25/turn               (no ring)
MPRegen 0.12/turn               (no ring)

@: heavily drained
A: large, unfitting armour, tough skin 1
a: Renounce Religion


You were on level 7 of the Dungeon.
You worshipped Okawaru.
Okawaru was noncommittal.
You visited 2 branches of the dungeon, and saw 8 of its levels.
You also visited: Ossuary.

You collected 355 gold pieces.

Inventory:

Hand Weapons
 a - a +0 flail of venom (weapon)
 f - a +0 giant spiked club
Missiles
 d - 3 throwing nets (quivered)
 e - a large rock
Armour
 b - a +0 robe (worn)
 c - a +1 hat (worn)
 o - a +2 cloak (worn)
Jewellery
 j - a ring of see invisible
 l - a ring of wizardry
 q - a ring of wizardry
 w - an amulet of regeneration
 y - an amulet of guardian spirit
 A - a +6 ring of dexterity
Wands
 x - a wand of mindburst (12)
 D - a wand of iceblast (11)
Scrolls
 g - 8 scrolls of identify
 i - a scroll of brand weapon
 m - 2 scrolls of teleportation
 r - a scroll of fear
 t - a scroll of immolation
 z - a scroll of fog
 B - a scroll of enchant weapon
Potions
 h - a potion of attraction
 k - 3 potions of haste
 n - 2 potions of ambrosia
 p - 2 potions of curing
 s - a potion of mutation
 u - 3 potions of invisibility {unknown}
 v - a potion of heal wounds
 C - a potion of flight {unknown}


   Skills:
 + Level 10.9 Fighting
 * Level 10.9 Maces & Flails
 - Level 2.0 Throwing
 - Level 2.6 Dodging


You had 9 spell levels left.
You didn't know any spells.
Your spell library contained the following spells:

 Spells                   Type           Power      Damage    Failure   Level
 Gell's Gravitas          Tloc           0%         N/A       67%         3
 Teleport Other           Tloc           0%         N/A       67%         3
 Dispersal                Tloc           0%         N/A       100%        6


Dungeon Overview and Level Annotations

Branches:
Dungeon (7/15)             Temple (1/1) D:6         Ossuary (visited)

Altars:
Ashenzari
Cheibriados
Dithmenos
Elyvilon
Fedhas
Gozag
Hepliaklqana
Kikubaaqudgha
Makhleb
Nemelex Xobeh
Okawaru
Qazlal
Ru
Sif Muna
Trog
Uskayaw
Vehumet
Wu Jian
Xom
Yredelemnul
Zin
The Shining One

Shops:
D:4 [


Innate Abilities, Weirdness & Mutations

You are too large for most types of armour.
You have tough skin. (AC +1)


Message History

The wight hits you with a +3 trident!
Things that are here:
a +5 dagger; a +0 robe The wight hits you with a +3 dire flail of freezing.
The wight freezes you.
The wight hits you with a +3 dire flail of freezing.
You feel drained. The wight freezes you. The wight hits you with a +3 trident.
The wight hits you with a +3 dire flail of freezing!
You feel drained. The wight freezes you.
You are too injured to fight recklessly!
You are too injured to fight recklessly!
The wight attacks as you move away!
The wight hits you with a +3 dire flail of freezing.
You feel drained. The wight freezes you. The wight attacks as you move away!
The wight attacks as you move away!
The wight hits you with a +3 dire flail of freezing!
The wight freezes you. The wight attacks as you move away!
The wight hits you from afar with a +3 trident!
The wight attacks as you move away! The wight attacks as you move away!
The wight hits you with a +3 dire flail of freezing!
* * * LOW HITPOINT WARNING * * *
You feel drained.
* * * LOW HITPOINT WARNING * * *
The wight freezes you.
* * * LOW HITPOINT WARNING * * *
The wight attacks as you move away!
The wight hits you with a +3 dire flail of freezing.
* * * LOW HITPOINT WARNING * * *
You feel drained.
* * * LOW HITPOINT WARNING * * *
The wight freezes you.
* * * LOW HITPOINT WARNING * * *
The wight attacks as you move away!
The wight hits you with a +3 dire flail of freezing!
* * * LOW HITPOINT WARNING * * *
You feel drained.
You die...

#.# ######.# .......#
######.########### #...........#
###########.#
#######.################ ..
........................ .#
#######@################ .# #z#
.## #z# ..# #.######.# ..#
#.z.$....#
..##############..###############
...)........................##..#
....######......#.#'#######.##..#
....######......#.........#.##..#


You could see 3 wights.

Vanquished Creatures
  Eustachio (D:5)
  4 water moccasins
  4 ice beasts
  2 orc warriors (D:6)
  3 ogres
  A sky beast (D:5)
  2 centaurs
  A kobold brigand (D:7)
  4 elf zombies (Ossuary)
  2 bullfrogs
  3 scorpions
  A wight (D:7)
  6 killer bees (D:6)
  A howler monkey (D:4)
  6 centaur zombies (Ossuary)
  2 jellies (D:6)
  3 orc priests
  2 hounds
  2 human zombies (Ossuary)
  Terence (D:2)
  Jessica (D:2)
  2 iguanas
  5 orc wizards
  3 mummies (Ossuary)
  4 gnolls (D:2)
  7 adders
  A shadow imp (D:7)
  A white imp (D:7)
  2 ufetubi (D:6)
  3 dart slugs
  25 orcs
  8 ball pythons
  4 endoplasms
  2 giant cockroaches
  2 goblins (D:1)
  2 hobgoblins
  3 jackals (D:1)
  5 quokkas
  7 bats
  A frilled lizard (D:3)
  7 kobolds
  2 quokka zombies (D:5)
  4 rats
152 creatures vanquished.

Notes
Turn   | Place    | Note
-------+----------+-------------------------------------------
     0 | D:1      | Infinimo the Ogre Gladiator began the quest for the Orb.
     0 | D:1      | Reached XP level 1. HP: 22/22 MP: 1/1
   138 | D:1      | Reached XP level 2. HP: 30/31 MP: 2/2
   643 | D:1      | Reached XP level 3. HP: 37/37 MP: 3/3
  1060 | D:2      | Noticed Jessica
  1069 | D:2      | Killed Jessica
  1249 | D:2      | Reached XP level 4. HP: 42/48 MP: 4/4
  1325 | D:2      | Noticed Terence
  1334 | D:2      | Killed Terence
  1435 | D:2      | Reached XP level 5. HP: 12/55 MP: 5/5
  2440 | D:3      | Found a shimmering altar of Xom.
  2677 | D:3      | Identified the +4 ring mail of Oblivion {Harm rElec rF-
                  | rCorr}
  2821 | D:4      | Found Gugorair's Armour Shop.
  3052 | D:4      | Reached skill level 5 in Fighting
  3052 | D:4      | Reached skill level 5 in Maces & Flails
  3264 | D:4      | Reached XP level 6. HP: 66/66 MP: 6/6
  3395 | D:5      | Entered Level 5 of the Dungeon
  3469 | D:5      | Found a sand-covered staircase.
  3497 | D:5      | Noticed Eustachio
  3498 | D:5      | Identified the +0 pair of boots of Inference {Str+3}
  3518 | Ossuary  | Entered an ossuary
  3711 | Ossuary  | Reached XP level 7. HP: 74/74 MP: 7/7
  4524 | D:4      | Reached XP level 8. HP: 44/87 MP: 8/8
  4715 | D:5      | Killed Eustachio
  5650 | D:5      | Found an opulent altar of Gozag.
  6145 | D:5      | Found an ancient bone altar of Kikubaaqudgha.
  6494 | D:6      | Reached XP level 9. HP: 78/97 MP: 9/9
  7883 | D:6      | Found a staircase to the Ecumenical Temple.
  8377 | D:6      | Reached skill level 10 in Fighting
  8377 | D:6      | Reached skill level 10 in Maces & Flails
  9031 | Temple   | Entered the Ecumenical Temple
  9270 | Temple   | Became a worshipper of Warmaster Okawaru
  9605 | D:7      | Reached XP level 10. HP: 92/111 MP: 10/10
 10053 | D:7      | HP: 1/98 [wight/+3 dire flail of freezing (8)]
 10053 | D:7      | Slain by a wight

Illustrated notes

Levels and vault maps discovered:
D:1:      wander_arrival_chamber, layout_loops_cross, serial_park_tiny_1
D:2:      layout_loops_ring, uniq_jessica, uniq_terence
D:3:      layout_rooms, tgw_xom
D:4:      layout_gridville, serial_shops, shop_statue
D:5:      layout_basic, mainiacjoe_overflow_big_doors, enter_ossuary_4,
          uniq_eustachio
D:6:      layout_basic, minmay_temple_entry_waves, minmay_joined_circles
D:7:      layout_basic, serial_shops, shop
Temple:   mainiacjoe_temple_bowtie_tessellation

Skill      XL: |  1  2  3  4  5  6  7  8  9 |
---------------+----------------------------+-----
Fighting       | 3 4 5 7 8 10 | 10.9
Maces & Flails | 3 4 5 7 8 10 | 10.9
Throwing       | |  2.0
Dodging        | |  2.6

Action                   |  1- 3 |  4- 6 |  7- 9 | 10-12 || total
-------------------------+-------+-------+-------+-------++-------
Melee: Flail             |    63 |   141 |   406 |    40 ||   650
       Punch             |       |       |     6 |       ||     6
  Use: Scroll            |       |    11 |     7 |       ||    18
       Potion            |       |     2 |     2 |       ||     4
 Stab: Sleeping          |     1 |       |       |       ||     1
Armor: Robe              |    25 |    83 |   174 |     8 ||   290
Dodge: Dodged            |    46 |   101 |   201 |    19 ||   367

Table legend: (Time is in decaauts)
 A = Elapsed time spent in this place.
 B = Non-inter-level travel time spent in this place.
 C = Inter-level travel time spent in this place.
 D = Time resting spent in this place.
 E = Time spent auto-exploring this place.
 F = Levels seen in this place.
 G = Mean time per level.
                   A        B        C        D        E       F      G
               +--------+--------+--------+--------+--------+-----+--------+
         Total |  10097 |   9796 |    301 |   1288 |   7079 |   9 | 1121.9 |
       Dungeon |   9001 |   8717 |    284 |   1288 |   6254 |   7 | 1285.9 |
        Temple |    256 |    239 |     17 |      0 |    189 |   1 |  256.0 |
       Ossuary |    839 |    839 |      0 |      0 |    636 |   1 |  839.0 |
               +--------+--------+--------+--------+--------+-----+--------+

Top non-repeatable levels by time:
     D:6: 2440 daAuts
     D:5: 2132 daAuts
     D:1: 1154 daAuts
     D:2: 1077 daAuts
     D:4: 1037 daAuts
 Ossuary: 839 daAuts
     D:7: 645 daAuts
     D:3: 514 daAuts
  Temple: 256 daAuts
